Map: Orbital Shipyard

Players

Positive - Winner!

  • Race: Terran Terran
  • League: Diamond

PerseVerAnce

  • Race: Terran Terran
  • League: Diamond

VOD

Have the link to the VOD?

Description

TvT ahead in supply and upgrade but then simultaneously move out at the same time and lose in a base trade.

Time

  • Played on: Jan. 1, 2016, 1:43 p.m.
  • Length: 11:14
Show
View Real Time Build Order
Export as new Build Order

Positive Terran - Winner!

Build Orders: MMM Bio 

Get SALT Encoding   

  12  0:01  SCV  
  13  0:15  Supply Depot  
  13  0:17  SCV  
  14  0:29  SCV  
  15  0:38  Barracks  
  15  0:42  Refinery  
  15  0:48  SCV  
  16  0:55  Refinery  
  16  1:00  SCV  
  17  1:12  SCV  
  18  1:25  Reaper  
  19  1:31  Orbital Command  
  19  1:41  Supply Depot  
  19  1:53  Factory  
  19  2:02  Barracks Reactor  
  19  2:10  SCV  
  20  2:21  Supply Depot  
  20  2:22  SCV  
  21  2:43  Marine x2  
  23  2:45  Hellion  
  23  2:46  Starport  
  25  2:57  Engineering Bay  
  25  3:01  Marine x2  
  27  3:06  Hellion  
  29  3:14  SCV  
  29  3:19  Marine x2  
  32  3:23  Medivac  
  34  3:27  Hellion  
  36  3:35  Missile Turret  
  36  3:37  Marine x2  
  36  3:40  Supply Depot  
  38  4:11  Marine x2  
  38  4:12  Factory Tech Lab  
  38  4:13  Starport Reactor  
  38  4:14  SCV  
  41  4:21  Command Center  
  41  4:26  SCV  
  31  5:07  Cyclone  
  31  5:08  Viking  
  31  5:09  Medivac  
  31  5:14  Barracks, Marine  
  36  5:17  Barracks  
  36  5:25  Missile Turret  
  36  5:35  Orbital Command  
  36  5:48  Marine x2  
  38  6:15  Orbital Command  
  38  6:23  Missile Turret  
  38  6:24  Barracks Tech Lab  
  38  6:25  Barracks Reactor  
  38  6:30  Command Center  
  38  6:32  Terran Infantry Weapons Level 1  
  38  6:40  SCV  
  38  6:41  SCV  
  40  6:48  Stimpack  
  40  6:53  SCV x2  
  42  6:56  Marine x2  
  42  6:58  Marauder  
  42  7:00  Siege Tank  
  49  7:05  SCV x2  
  51  7:12  Marine x2  
  51  7:14  Marine  
  54  7:17  SCV  
  54  7:19  Supply Depot  
  55  7:24  SCV  
  55  7:28  Medivac  
  55  7:29  SCV, Medivac  
  61  7:31  Marine  
  62  7:40  Marine x2  
  62  7:41  SCV x2, Supply Depot  
  62  7:42  Supply Depot  
  66  7:44  Refinery  
  66  7:47  Orbital Command  
  66  8:06  Marine, Orbital Command  
  66  8:07  Marine x4  
  66  8:12  SCV x2  
  73  8:24  SCV  
  73  8:26  Marine x4  
  84  8:27  Marauder  
  84  8:33  Medivac x2  
  84  8:34  Siege Tank  
  87  8:35  SCV x2  
  87  8:36  SCV  
  90  8:46  Factory  
  90  8:47  SCV x2  
  92  8:54  Marine x2  
  94  9:03  Marine  
  94  9:04  Marine  
  94  9:06  Siege Tank  
  99  9:15  Marine x2  
  101  9:20  Marine  
  101  9:26  Combat Shields  
  101  9:29  Supply Depot  
  101  9:33  Supply Depot x2  
  101  9:38  Factory Tech Lab  
  101  9:44  Supply Depot  
  101  9:50  Command Center  
  101  9:51  Medivac x2, Siege Tank, Marine  
  109  9:55  Marauder, Marine x3  
  104  10:08  Marine  
  104  10:12  Marine x2  
  94  10:23  Siege Tank  
  94  10:24  Siege Tank  
  94  10:27  Marine x3  
  97  10:45  Marine x2  
Show
View Real Time Build Order
Export as new Build Order

PerseVerAnce Terran 

Build Orders: MMM Bio, Banshee Rush 

Get SALT Encoding   

  12  0:01  SCV  
  13  0:13  SCV  
  14  0:18  Supply Depot  
  14  0:24  Refinery  
  14  0:27  SCV  
  15  0:42  Barracks  
  15  0:45  SCV  
  16  1:00  SCV  
  17  1:12  SCV  
  17  1:16  Refinery  
  18  1:25  SCV  
  19  1:29  Reaper  
  19  1:32  Supply Depot  
  20  1:38  Orbital Command  
  20  1:54  Factory  
  21  2:01  Reaper  
  21  2:06  SCV  
  21  2:18  SCV  
  22  2:30  SCV  
  22  2:44  Hellion  
  24  2:45  Starport  
  24  2:49  Barracks Tech Lab  
  24  2:56  SCV  
  24  2:57  Command Center  
  25  3:05  Hellion  
  27  3:08  SCV  
  27  3:09  Marine  
  29  3:20  SCV  
  30  3:31  Factory Tech Lab  
  30  3:32  SCV  
  31  3:35  Barracks  
  31  3:39  Barracks Reactor, Cloaking Field, Barracks  
  31  4:09  Banshee, Siege Tank, Supply Depot  
  37  4:11  Supply Depot  
  37  4:17  Marine x2  
  39  4:25  SCV  
  39  4:27  Orbital Command  
  40  4:37  SCV  
  36  5:05  Siege Tank  
  36  5:06  Barracks Reactor  
  36  5:07  Barracks Tech Lab  
  36  5:14  Barracks  
  36  5:18  Barracks  
  36  5:20  Command Center  
  36  5:25  SCV, Engineering Bay  
  37  5:31  SCV  
  38  5:37  Stimpack, Marine  
  38  5:40  Engineering Bay  
  39  5:48  Marine x3  
  39  5:49  Marine  
  43  5:52  Starport Reactor  
  43  6:02  Marine x2  
  43  6:03  Siege Tank  
  48  6:05  SCV  
  48  6:06  Marine x2  
  49  6:18  SCV x2  
  49  6:21  Refinery x2  
  50  6:26  Supply Depot x2  
  50  6:28  Barracks Reactor  
  50  6:29  Barracks Reactor  
  50  6:30  SCV, Marine x2  
  53  6:36  Orbital Command  
  53  6:38  SCV  
  54  6:43  Medivac  
  56  6:55  SCV x2  
  56  6:56  Marine  
  56  6:57  Sensor Tower, Marine x2  
  61  7:07  Terran Infantry Weapons Level 1  
  61  7:09  Orbital Command  
  61  7:10  SCV x2  
  63  7:17  Medivac  
  63  7:19  Marine x4  
  63  7:20  Marine  
  63  7:22  SCV  
  71  7:24  Marine x2  
  71  7:26  Terran Infantry Armor Level 1  
  73  7:31  SCV  
  73  7:34  SCV  
  75  7:43  SCV  
  75  7:44  Siege Tank  
  79  7:46  SCV, Marine x4  
  79  7:50  Combat Shields  
  84  8:01  SCV  
  84  8:02  SCV x2, Marine x3  
  90  8:13  SCV  
  90  8:14  Marine x2  
  90  8:19  Marine x4  
  97  8:22  Marine  
  97  8:23  Supply Depot x2  
  97  8:26  Medivac  
  100  8:35  SCV  
  100  8:36  SCV x2  
  103  8:44  Marine x6  
  103  8:45  Marine x2  
  103  8:46  Marine  
  112  8:50  Siege Tank  
  115  9:15  SCV x3, Marine  
  115  9:16  Marine x6  
  125  9:26  Marine x2  
  125  9:30  Supply Depot  
  125  9:31  Supply Depot  
  125  9:33  Marine  
  125  9:35  Siege Tank  
  125  9:37  Medivac x2  
  133  9:51  Marine x6  
  133  9:52  SCV x2, Marine  
  141  9:53  SCV  
  136  10:05  SCV  
  61  10:56  Marine x4  
Tags
 
Add a new tag
Caveats
  • Supply blocks, unpowered buildings, or Contaminate may cause inaccurate times.
  • Supply counts are checked every 10 seconds.